AoeStats
← AOELG_bravedave92

Arabia

510096786Analyzed
2v2 RM · 4d ago on Sep 29, 2026· 33m 43s· 4 players
Game mode
Random Map
Map size
Medium (4 player)
Population
200
Speed
Normal
Resources
Standard
Victory
Conquest
Starting age
Dark Age
Ending age
Imperial Age
RankedLock teamsTeams togetherTeam positionsShared explorationLock speedFull tech treeHidden civsTurbo modeCheats
Victory
Defeat
🇩🇪 Persians · Germany
1169
+14
🇨🇭 Mongols · Switzerland
1123
+16
🇪🇨 Danes · Ecuador
1186
-17
🇹🇼 Malians · Taiwan
1068
-13
AOELG_bravedave92
7:25 Loom
9:37 Feudal Age
10:47 Double-Bit Axe
15:30 Forging
17:26 Horse Collar
20:15 Castle Age
20:14 Wheelbarrow
20:33 Fletching
21:29 Crossbowman
29:18 Padded Archer Armor
29:57 Bow Saw
frickman
8:59 Feudal Age
9:39 Double-Bit Axe
9:56 Loom
16:15 Bloodlines
16:26 Horse Collar
18:46 Stone Mining
21:48 Castle Age
22:38 Castle Age
21:16 Gold Mining
24:23 Gold Shaft Mining
24:00 Bow Saw
23:49 Fletching
23:59 Padded Archer Armor
25:42 Bodkin Arrow
26:41 Leather Archer Armor
26:57 Husbandry
30:54 Thumb Ring
33:25 Ballistics
34:11 Wheelbarrow
| CZK | CONANJD
7:55 Loom
9:59 Feudal Age
15:47 Castle Age
16:31 Squires
21:58 Scale Mail Armor
22:30 Gambesons
23:30 Chain Mail Armor
29:09 Double-Bit Axe
29:07 Horse Collar
30:19 Padded Archer Armor
30:47 Elite Skirmisher
32:39 Forging
34:17 Leather Archer Armor
qvbcheng
12:44 Feudal Age
Connection lost

Rejoining the realm…

Still unreachable

The connection could not be restored.

Session expired

The server has moved on; the page needs a fresh start.